 Dungeon Crawl Stone Soup version 0.23-a0-577-g2b1de94 (webtiles) character file.

24826 nikopol the Severer (level 12, -3/110 HPs)
             Began as a Minotaur Berserker on Dec 14, 2018.
             Was an Elder of Trog.
             Slain by a spiny frog (15 damage)
             ... on level 6 of the Lair of Beasts.
             The game lasted 00:31:42 (14589 turns).

nikopol the Severer (Minotaur Berserker)           Turns: 14589, Time: 00:31:43

Health: -3/110     AC: 12    Str: 25    XL:     12   Next: 84%
Magic:  11/11      EV: 19    Int:  4    God:    Trog [****..]
Gold:   659        SH:  0    Dex: 17    Spells: 11/11 levels left

rFire    . . .     SeeInvis .   a - +2 battleaxe (chop)
rCold    . . .     Gourm    .   (shield currently unavailable)
rNeg     . . .     Faith    .   h - +0 scale mail
rPois    .         Spirit   .   (helmet restricted)
rElec    .         Reflect  .   F - +1 cloak
rCorr    .         Harm     .   (no gloves)
MR       .....                  u - +0 pair of boots
Stlth    ++........             (no amulet)
HPRegen  0.28/turn              (no ring)
MPRegen  0.12/turn              (no ring)

@: agile
A: retaliatory headbutt, horns 2
a: Berserk, Trog's Hand, Brothers in Arms, Renounce Religion


You were on level 6 of the Lair of Beasts.
You worshipped Trog.
Trog was greatly pleased with you.
You were not hungry.

You visited 2 branches of the dungeon, and saw 14 of its levels.

You collected 659 gold pieces.

Inventory:

Hand Weapons
 a - a +2 battleaxe of chopping (weapon)
 v - a +0 hand axe
 z - a +0 shortbow
 G - the +6 mace "Xammomes" {freeze, Str+4 Int-3 SInv}
   (You found it on level 7 of the Dungeon)

   It has been specially enchanted to freeze those struck by it, causing extra
   injury to most foes and up to half again as much damage against particularly
   susceptible opponents.
   It can also slow down cold-blooded creatures.
   It affects your strength (+4).
   It affects your intelligence (-3).
   It lets you see invisible.
 Y - a +0 war axe
Missiles
 p - 135 arrows
Armour
 b - a +0 animal skin
 h - a +0 scale mail (worn)
 u - a +0 pair of boots (worn)
 F - a +1 cloak (worn)
Jewellery
 y - an uncursed ring of positive energy {unknown}
 E - a +2 ring of strength {unknown}
 I - an uncursed ring of protection from magic {unknown}
 J - an uncursed ring of protection from fire {unknown}
 K - an uncursed amulet of the gourmand {unknown}
 R - the amulet "Owod" {+Rage Str+4 Dex+4 Slay+3, unknown}
   (You found it on level 1 of the Lair of Beasts)

   [amulet of rage]

   It affects your strength (+4).
   It affects your dexterity (+4).
   It affects your accuracy and damage with ranged weapons and melee attacks
   (+3).
   It lets you go berserk.
Wands
 d - a wand of polymorph (9)
 r - a wand of flame (63)
 t - a wand of iceblast (31)
 w - a wand of acid (17)
 L - a wand of scattershot (8)
 M - a wand of paralysis (6)
Scrolls
 e - 3 scrolls of noise
 g - 2 scrolls of fear {unknown}
 i - 5 scrolls of remove curse {unknown}
 j - 13 scrolls of identify
 l - 8 scrolls of teleportation {unknown}
 m - 2 scrolls of enchant weapon {unknown}
 n - 2 scrolls of immolation
 q - 3 scrolls of random uselessness {unknown}
 s - 4 scrolls of amnesia {unknown}
 P - a scroll of fog {unknown}
 Q - a scroll of blinking {unknown}
 T - a scroll of brand weapon {unknown}
 W - a scroll of magic mapping {unknown}
Potions
 f - 4 potions of degeneration
 k - 5 potions of agility
 o - 4 potions of curing
 x - a potion of magic {unknown}
 A - a potion of lignification {unknown}
 B - 2 potions of ambrosia {unknown}
 C - a potion of brilliance {unknown}
 D - a potion of mutation {unknown}
 H - 2 potions of heal wounds {unknown}
 N - 2 potions of cancellation {unknown}
 O - a potion of might {unknown}
 S - a potion of invisibility {unknown}
 U - a potion of haste {unknown}
 V - a potion of flight {unknown}
Comestibles
 c - 18 rations
 X - 8 chunks of flesh


   Skills:
 + Level 11.3 Fighting
 * Level 15.6 Axes
 * Level 11.9 Bows
 + Level 10.0 Armour
 + Level 5.8 Dodging
 + Level 1.6 Stealth
 + Level 0.7 Unarmed Combat


You had 11 spell levels left.
You didn't know any spells.
Your spell library was empty.

Dungeon Overview and Level Annotations

Branches:
Dungeon (9/15)             Temple (0/1) D:5            Lair (4/6) D:9
 Shoals (0/4) Lair:2
  Snake: Lair:2-4    Spider: Lair:2-4       Orc: D:9-12

Altars:
Ashenzari
Cheibriados
Kikubaaqudgha
Makhleb
Uskayaw
The Shining One

Shops:
D:4 }

Annotations:
Lair:1 exclusion: 2 oklob plants


Innate Abilities, Weirdness & Mutations

You reflexively headbutt those who attack you in melee.
You have a pair of horns on your head.


Message History

The black mamba is lightly wounded.
The black mamba closely misses you. You furiously retaliate!
You headbutt the black mamba! The black mamba misses you.
Your scale mail prevents you from hitting the black mamba.
The black mamba is heavily wounded.
The black mamba bites you.
* * * LOW HITPOINT WARNING * * *
You slash the black mamba! You headbutt the black mamba.
The black mamba is almost dead.
The black mamba barely misses you. The black mamba bites you.
* * * LOW HITPOINT WARNING * * *
You slice the black mamba!!
You kill the black mamba!
Trog accepts your kill.
You hit the spiny frog but do no damage.
The spiny frog stings you but does no damage.
It was a potion of curing.
You feel better. The spiny frog barely misses you. You furiously retaliate!
You headbutt the spiny frog. The spiny frog stings you!
You die...

......P.........!.
P.... #..((......
...... ##.........
#.P... #.†........
..F...##.(...#....
PP.?...##†..#.....
#.....S#....♣..#..
#F.[.♣...♣
#@..♣♣♣.♣.♣ #♣♣♣♣
.%♣. .♣ ♣


You could see a spiny frog and a water moccasin.

Vanquished Creatures
  6 hydras
  A two-headed ogre (D:9)
  Pikel (D:5)
  A merfolk siren (Lair:2)
  6 black mambas
  6 torpor snails
  A rime drake (Lair:6)
  2 komodo dragons (Lair:3)
  4 spiny frogs
  A slime creature (D:6)
  3 hippogriffs
  Sigmund (D:2)
  A human (D:8)
  2 wyverns
  26 yaks
  3 hogs (D:8)
  3 basilisks
  19 water moccasins
  10 porcupines
  An ice beast (D:5)
  2 orc warriors
  A black bear (Lair:1)
  A sky beast (D:8)
  8 wolves
  3 ogres
  2 centaurs
  5 crocodiles
  2 big kobolds (D:6)
  The ghost of Tovarisch the Ducker, an amateur FeAK of Lugonu (D:4)
  14 bullfrogs
  A wyvern skeleton (D:9)
  3 scorpions
  5 killer bees (D:9)
  3 electric eels (Lair:3)
  3 howler monkeys
  3 crimson imps
  A bullfrog zombie (D:9)
  3 hounds
  6 orc wizards
  Crazy Yiuf (D:7)
  7 orc priests
  4 jellies
  2 bullfrog skeletons
  3 iron imps (D:9)
  Natasha (thrice) (D:2)
  An iguana (D:4)
  8 worker ants
  Terence (D:2)
  A killer bee zombie (D:7)
  A hound skeleton (D:3)
  Robin (D:2)
  A howler monkey skeleton (D:7)
  A worker ant zombie (D:9)
  18 adders
  3 shadow imps
  6 oozes
  An adder zombie (D:8)
  2 adder skeletons (D:4)
  A worm (D:3)
  2 dart slugs
  2 leopard geckos
  28 orcs
  12 bats
  6 giant cockroaches
  16 goblins
  13 hobgoblins
  2 jackals (D:2)
  16 kobolds
  7 frilled lizards
  A leopard gecko zombie (D:5)
  A quokka zombie (D:6)
  5 rats
  3 fungi
  3 plants (Lair:3)
348 creatures vanquished.

Vanquished Creatures (others)
  An orc wizard (D:9)
  A rat (D:3)
  10 fungi
  A plant (Lair:3)
  7 toadstools (D:6)
20 creatures vanquished.

Grand Total: 368 creatures vanquished

Notes
Turn   | Place    | Note
-------+----------+-------------------------------------------
     0 | D:1      | nikopol the Minotaur Berserker began the quest for the Orb.
     0 | D:1      | Reached XP level 1. HP: 19/19 MP: 0/0
   103 | D:1      | Reached skill level 4 in Axes
   103 | D:1      | Reached XP level 2. HP: 24/27 MP: 1/1
   423 | D:1      | Reached ** piety under Trog
   599 | D:2      | Noticed Terence
   608 | D:2      | Reached XP level 3. HP: 33/34 MP: 2/2
   612 | D:2      | Killed Terence
   732 | D:2      | Noticed Sigmund
   741 | D:2      | Killed Sigmund
   741 | D:2      | Reached skill level 5 in Fighting
   741 | D:2      | Reached skill level 5 in Axes
   741 | D:2      | Reached XP level 4. HP: 42/42 MP: 3/3
   741 | D:2      | Reached XP level 5. HP: 48/48 MP: 4/4
   827 | D:2      | Noticed Natasha
   833 | D:2      | Killed Natasha
   833 | D:2      | Reached skill level 6 in Axes
   921 | D:2      | Noticed Robin
   927 | D:2      | Reached XP level 6. HP: 34/56 MP: 5/5
   928 | D:2      | Noticed Natasha
   939 | D:2      | Killed Robin
   943 | D:2      | Killed Natasha
   958 | D:2      | Reached *** piety under Trog
  1343 | D:2      | Noticed Natasha
  1350 | D:2      | Killed Natasha
  2235 | D:3      | Found a shattered altar of Ashenzari.
  2350 | D:4      | Reached XP level 7. HP: 58/62 MP: 6/6
  2373 | D:4      | Found Nagedeho's Gadget Boutique.
  2669 | D:4      | Reached **** piety under Trog
  2829 | D:4      | Found a runed door.
  2829 | D:4      | Noticed Tovarisch's ghost (amateur FeAK)
  2844 | D:4      | Killed Tovarisch's ghost
  2844 | D:4      | Reached skill level 7 in Axes
  2993 | D:4      | Found a glowing golden altar of the Shining One.
  3225 | D:5      | Entered Level 5 of the Dungeon
  3309 | D:5      | Noticed Pikel
  3379 | D:5      | Reached skill level 8 in Axes
  3379 | D:5      | Reached skill level 5 in Armour
  3635 | D:5      | Noticed a +0 dagger
  3635 | D:5      | Noticed a +0 dagger
  3637 | D:5      | Found a hide-covered altar of Uskayaw.
  3647 | D:5      | Reached XP level 8. HP: 71/71 MP: 7/7
  3800 | D:5      | Found a staircase to the Ecumenical Temple.
  3827 | D:5      | Killed Pikel
  3827 | D:5      | Reached skill level 9 in Axes
  3827 | D:5      | Reached skill level 1 in Stealth
  4620 | D:6      | Found an ancient bone altar of Kikubaaqudgha.
  4690 | D:6      | Reached skill level 10 in Axes
  4690 | D:6      | Reached XP level 9. HP: 79/79 MP: 8/8
  4768 | D:6      | Reached ***** piety under Trog
  5252 | D:7      | Reached skill level 5 in Dodging
  5792 | D:7      | Found a runed door.
  5796 | D:7      | Noticed Crazy Yiuf
  5799 | D:7      | Killed Crazy Yiuf
  5807 | D:7      | Got a bloodstained mace
  5813 | D:7      | Identified the +6 mace "Xammomes" {freeze, Str+4 Int-3
                  | SInv} (You found it on level 7 of the Dungeon)
  6287 | D:8      | Reached skill level 11 in Axes
  6290 | D:8      | Reached skill level 1 in Bows
  6809 | D:9      | Reached XP level 10. HP: 79/90 MP: 9/9
  6857 | D:9      | Received a gift from Trog
  6872 | D:9      | Noticed a two-headed ogre
  6882 | D:9      | Killed a two-headed ogre
  6882 | D:9      | Reached skill level 12 in Axes
  6882 | D:9      | Reached skill level 5 in Bows
  7516 | D:9      | Found a burning altar of Makhleb.
  8117 | D:9      | Found a staircase to the Lair.
  8316 | Lair:1   | Entered Level 1 of the Lair of Beasts
  8519 | Lair:1   | Noticed a torpor snail
  8530 | Lair:1   | Killed a torpor snail
  8670 | Lair:1   | Noticed a torpor snail
  8680 | Lair:1   | Killed a torpor snail
  8830 | Lair:1   | Found a snail-covered altar of Cheibriados.
  8830 | Lair:1   | Noticed a torpor snail
  8830 | Lair:1   | Noticed a torpor snail
  8842 | Lair:1   | Killed a torpor snail
  8845 | Lair:1   | Killed a torpor snail
  8845 | Lair:1   | Reached XP level 11. HP: 97/97 MP: 10/10
  9027 | Lair:1   | Noticed an oklob plant
  9029 | Lair:1   | Noticed an oklob plant
  9833 | Lair:1   | Got a shimmering brass amulet
  9838 | Lair:1   | You fall through a shaft!
 10152 | Lair:1   | Reached skill level 13 in Axes
 10878 | Lair:2   | Reached skill level 10 in Fighting
 10994 | Lair:2   | Found a staircase to the Shoals.
 11019 | Lair:2   | Reached skill level 10 in Bows
 11639 | Lair:2   | Noticed a five-headed hydra
 11652 | Lair:2   | Killed a seven-headed hydra
 11867 | Lair:3   | Noticed a six-headed hydra
 11878 | Lair:3   | Killed a six-headed hydra
 12420 | Lair:3   | Reached XP level 12. HP: 107/107 MP: 11/11
 12434 | Lair:3   | Received a gift from Trog
 13009 | Lair:3   | Noticed a five-headed hydra
 13018 | Lair:3   | Killed a seven-headed hydra
 13018 | Lair:3   | Reached skill level 14 in Axes
 13948 | Lair:3   | Found the +8 whip "Snakebite" {curare, rPois}
 14121 | Lair:3   | Found a runed door.
 14126 | Lair:3   | Noticed a six-headed hydra
 14140 | Lair:3   | Killed a seven-headed hydra
 14520 | Lair:4   | You fall through a shaft for 2 floors!
 14520 | Lair:6   | Entered Level 6 of the Lair of Beasts
 14520 | Lair:6   | Noticed an eight-headed hydra
 14520 | Lair:6   | Noticed an eight-headed hydra
 14526 | Lair:6   | Killed a nine-headed hydra
 14526 | Lair:6   | Reached skill level 15 in Axes
 14531 | Lair:6   | Killed an 11-headed hydra
 14531 | Lair:6   | Reached skill level 10 in Armour
 14556 | Lair:6   | HP: 3/110 [yak (6)]
 14589 | Lair:6   | Slain by a spiny frog

Vault maps used:
D:1:      wander_arrival_abandoned_jail, minmay_misc_feat_room
D:2:      uniq_sigmund, uniq_terence, uniq_robin, uniq_natasha
D:3:      minmay_chambers_of_threes, ashenzari_altar_1
D:4:      lemuel_doored_altar, serial_shops, nicolae_shop_stone, first_ration,
          ebering_ghost_inner_flame
D:5:      dancing_weapons_uskayaw, minmay_temple_entry_water_ring, uniq_pikel
D:6:      cheibrodos_fertilizer, kennysheep_mini
D:7:      uniq_crazy_yiuf_cottage
D:8:      grunt_livestock
D:9:      demons_altar, lair_entry_dummy
Lair:1:   kennysheep_snail_temple, minmay_lair_oklob_chamber
Lair:2:   minmay_shoals_entry_lonely_mermaid, st_stairs_13, lemuel_fruit_fields,
          serial_bayou_shore_b
Lair:3:   minmay_guarded_unrand_snakebite, pf_torpor_hydra, serial_bayou_shore_a
Lair:4:   minmay_snake_entry_guardpost_medium, lemuel_fruit_tree
Lair:6:   wormcave, hangedman_lair_tendril_chambers,
          minmay_slime_entry_oklob_open, wad_woods_road_02

Skill      XL: |  1  2  3  4  5  6  7  8  9 10 11 12 |
---------------+-------------------------------------+-----
Axes           | 4 5 6 8 10 11 12 13 15 | 15.6
Fighting       | 4 5 6 7 8 9 10 11 | 11.3
Armour         | 3 5 6 8 9 10 | 10.0
Dodging        | 3 4 5 |  5.8
Stealth        | 1 |  1.6
Bows           | 3 7 11 | 11.9
Unarmed Combat | |  0.7

Action                   |  1- 3 |  4- 6 |  7- 9 | 10-12 || total
-------------------------+-------+-------+-------+-------++-------
Melee: Hand axe          |    54 |    85 |       |       ||   139
       Headbutt          |     5 |    20 |    58 |    82 ||   165
       War axe           |       |    35 |   248 |   268 ||   551
       Unarmed           |       |    12 |       |       ||    12
       Punch             |       |       |       |     1 ||     1
       Battleaxe         |       |       |       |   100 ||   100
 Fire: Shortbow          |       |       |    28 |   312 ||   340
Invok: Berserk           |     2 |     1 |     6 |    10 ||    19
       Trog's Hand       |       |       |     1 |     1 ||     2
       Brothers in Arms  |       |       |       |     3 ||     3
  Use: Scroll            |       |       |       |     2 ||     2
       Potion            |       |       |       |     2 ||     2
  Eat: Chunk             |     1 |     6 |    14 |    25 ||    46
       Ration            |       |       |     2 |     3 ||     5
Armor: Animal skin       |     4 |       |       |       ||     4
       Scale mail        |     5 |    61 |    88 |   172 ||   326
       Skin              |       |     2 |       |       ||     2
Dodge: Dodged            |    38 |    90 |   131 |   276 ||   535

Table legend:
 A = Non-vault XP
 B = Vault XP
 C = Vault XP percentage of total XP
 D = Non-vault monster count
 E = Vault monster count
 F = Vault count percentage of total count
                 A         B        C        D         E       F
            +---------+---------+-------+---------+---------+-------
      Total |   25013 |   10454 |  29.5 |     263 |      80 |  23.3
            +---------+---------+-------+---------+---------+-------
        D:1 |      33 |       0 |   0.0 |      21 |       0 |   0.0
        D:2 |     166 |     330 |  66.5 |      23 |      14 |  37.8
        D:3 |     169 |      21 |  11.1 |      24 |      12 |  33.3
        D:4 |     378 |     125 |  24.9 |      17 |       2 |  10.5
        D:5 |     315 |     685 |  68.5 |       9 |       1 |  10.0
        D:6 |     382 |     612 |  61.6 |      11 |      15 |  57.7
        D:7 |     372 |      41 |   9.9 |      13 |       1 |   7.1
        D:8 |     846 |    1008 |  54.4 |      22 |       5 |  18.5
        D:9 |    3250 |     117 |   3.5 |      36 |       3 |   7.7
     Lair:1 |    2994 |    2090 |  41.1 |      18 |       5 |  21.7
     Lair:2 |    4889 |     537 |   9.9 |      25 |       1 |   3.8
     Lair:3 |    6254 |    4065 |  39.4 |      26 |      18 |  40.9
     Lair:4 |    1211 |       0 |   0.0 |       6 |       0 |   0.0
     Lair:6 |    3754 |     823 |  18.0 |      12 |       3 |  20.0
            +---------+---------+-------+---------+---------+-------
